 Dungeon Crawl Stone Soup version 0.18.1-50-g88ac8fd (webtiles) character file.

8894 Peloso the Blocker (level 11, -9/95 HPs)
             Began as a Minotaur Fighter on Oct 2, 2016.
             Was an Elder of Okawaru.
             Killed from afar by a wizard (23 damage)
             ... with a bolt of cold
             ... on level 9 of the Dungeon.
             The game lasted 00:25:49 (7638 turns).

Peloso the Blocker (Minotaur Fighter)               Turns: 7638, Time: 00:25:50

Health: -9/95      AC: 17    Str: 21    XL:     11   Next: 15%
Magic:  0/10       EV:  8    Int:  5    God:    Okawaru [****..]
Gold:   444        SH: 13    Dex: 16    Spells: 0 memorised, 10 levels left

rFire  . . .     SeeInvis .     a - +0 long sword
rCold  . . .     Gourm    .     x - +0 plate armour
rNeg   . . .     Faith    .     c - +0 shield
rPois  .         Spirit   +     (helmet restricted)
rElec  .         Dismiss  .     (no cloak)
rCorr  .         Reflect  .     H - +0 pair of gloves
SustAt .         Harm     .     L - +0 pair of boots
MR     .....                    E - amulet of guardian spirit
Stlth  ..........               i - +3 ring of dexterity
                                s - +1 ring of slaying

@: about to teleport, not resistant to hostile enchantments, extremely
unstealthy
A: retaliatory headbutt, horns 2
a: Heroism, Renounce Religion


You were on level 9 of the Dungeon.
You worshipped Okawaru.
Okawaru was greatly pleased with you.
You were not hungry.

You visited 2 branches of the dungeon, and saw 10 of its levels.
You visited the Abyss 1 time.
You also visited: Sewer.

You collected 444 gold pieces.

Inventory:

Hand Weapons
 a - a +0 long sword (weapon)
Armour
 c - a +0 shield (worn)
 x - a +0 plate armour (worn)
 y - the +0 ring mail of the Hall of Blades {rPois rC- rN+++ MR-}
   (You found it on level 4 of the Dungeon)

   It makes you vulnerable to cold.
   It protects you from poison.
   It renders you almost immune to negative energy.
   It affects your resistance to hostile enchantments.
 H - a +0 pair of gloves (worn)
 L - a +0 pair of boots (worn)
Jewellery
 i - a +3 ring of dexterity (right hand)
 s - a +1 ring of slaying (left hand)
 E - an amulet of guardian spirit (around neck)
 Q - an uncursed ring of sustain attributes
Wands
 e - a wand of teleportation (0/9)
 C - a wand of digging (4/24)
 M - a wand of random effects (12/48)
 R - a wand of slowing (19/48)
Scrolls
 g - 2 scrolls of identify
 h - 10 scrolls of remove curse
 j - 2 scrolls of amnesia {unknown}
 k - 6 scrolls of fear
 p - a scroll of fog {unknown}
 q - 3 scrolls of immolation {unknown}
 u - 2 scrolls of blinking {unknown}
 w - 3 scrolls of recharging {unknown}
 I - 3 scrolls of noise {unknown}
 J - 4 scrolls of random uselessness {unknown}
 O - a scroll of enchant weapon {unknown}
Potions
 b - 3 potions of flight
 l - 3 potions of curing
 m - a potion of ambrosia
 n - 3 potions of resistance
 t - 2 potions of invisibility
 v - a potion of cancellation
 B - a potion of agility
 D - a potion of magic {unknown}
 F - a potion of mutation {unknown}
 G - a potion of haste
 S - 2 potions of brilliance {unknown}
Books
 P - a book of Summonings

   Spells                             Type                      Level
   a - Recall                         Summoning/Translocation      3
   b - Aura of Abjuration             Summoning                    5
   c - Summon Demon                   Summoning                    5
   d - Summon Forest                  Summoning/Translocation      5
   e - Summon Mana Viper              Hexes/Summoning              5
   f - Shadow Creatures               Summoning                    6
Comestibles
 d - 3 chunks of flesh
 f - 8 bread rations
 o - 2 slices of pizza
 r - 4 meat rations
 z - 4 fruits
 A - a beef jerky
 N - 2 royal jellies


   Skills:
 + Level 8.9 Fighting
 + Level 10.5 Long Blades
 + Level 10.6 Armour
 + Level 3.8 Dodging
 + Level 0.5 Stealth
 + Level 12.1 Shields
 + Level 0.4 Invocations


You had 10 spell levels left.
You didn't know any spells.

Dungeon Overview and Level Annotations

Branches:
Dungeon (9/15)             Temple (1/1) D:6            Lair (0/8) D:8
    Orc: D:9-12

Altars:
Ashenzari
Cheibriados
Dithmenos
Fedhas
Gozag
Kikubaaqudgha
Makhleb
Nemelex Xobeh
Okawaru
Pakellas
Qazlal
Ru
Sif Muna
Trog
Vehumet
Xom
Yredelemnul
The Shining One

Shops:
D:7 [:(%   D:8 (


Innate Abilities, Weirdness & Mutations

You reflexively headbutt those who attack you in melee.
You have a pair of horns on your head.


Message History

Your surroundings suddenly seem different.
An orc comes into view. It is wielding an iron rod.
The orc shouts!
You hear a shout! x2
The orc zaps a rod.
You block the burst of metal fragments.
Found a stone staircase leading up.
A wizard comes into view. It is wielding a dagger.
Drink which item? (? for menu, Esc to quit)
You feel better.
A troll comes into view.
Drink which item? (? for menu, Esc to quit)
Okay, then.
Evoke which item? (* to show all) (? for menu, Esc to quit)
Zapping:
e - a wand of teleportation {zapped: 2} (will waste charges)
Press: ? - help, Shift-Dir - straight line, f - you You feel strangely unstable.
Evoking this partially-identified wand wasted a few charges.
You block the orc's attack. x2
The wizard points at you and mumbles some strange words.
The bolt of cold hits you!
You die...

............
..........T
...........
..........
.........#
.........#
.........#
........o#
........@#
#####p...#
.........
.<........
..#####.....
. #..####
#..# #..#


You could see a wizard and an orc.

Vanquished Creatures
  A tentacled starspawn (Abyss:1)
  The ghost of Thael the Protected, a novice MiBe of Trog (D:9)
  An ugly thing (D:8)
  Psyche (D:8)
  A komodo dragon (D:8)
  A troll (D:9)
  Prince Ribbit (D:5)
  A wyvern (D:9)
  3 yaks (D:9)
  A vampire mosquito (D:9)
  2 hungry ghosts
  Edmund (D:5)
  Duvessa (D:5)
  3 sky beasts
  3 black bears
  2 eyes of draining (D:7)
  3 ice beasts
  6 ogres
  3 centaurs
  A crocodile (Sewer)
  A big kobold (D:7)
  3 giant frogs
  Dowan (D:5)
  2 scorpions
  12 killer bees
  10 howler monkeys
  A crimson imp (D:8)
  3 centaur zombies
  2 giant frog zombies
  7 hounds
  An iron imp (Abyss:1)
  Ijyb (D:3)
  Jessica (D:3)
  5 iguanas
  5 worker ants
  3 orc wizards
  A hound zombie (D:7)
  A worker ant zombie (D:8)
  7 gnolls
  11 adders
  3 shadow imps
  An ooze (D:2)
  2 adder skeletons
  A worm (D:4)
  2 dart slugs
  10 giant geckos
  14 orcs
  8 giant cockroaches
  6 goblins
  10 hobgoblins
  2 quokkas
  3 ball pythons (D:6)
  13 bats
  5 giant newts
  11 kobolds
  A quokka zombie (D:5)
  11 rats
218 creatures vanquished.

Vanquished Creatures (others)
  3 plants (D:8)
  6 starspawn tentacles (Abyss:1)
  16 starspawn tentacle segments (Abyss:1)
25 creatures vanquished.

Grand Total: 243 creatures vanquished

Notes
Turn   | Place    | Note
--------------------------------------------------------------
     0 | D:1      | Peloso the Minotaur Fighter began the quest for the Orb.
     0 | D:1      | Reached XP level 1. HP: 19/19 MP: 0/0
   167 | D:1      | Reached skill level 4 in Shields
   188 | D:1      | Reached XP level 2. HP: 25/27 MP: 1/1
   633 | D:2      | Reached XP level 3. HP: 16/33 MP: 2/2
  1136 | D:2      | Reached XP level 4. HP: 37/41 MP: 3/3
  1437 | D:2      | Reached skill level 1 in Dodging
  1485 | D:2      | Reached skill level 5 in Shields
  1614 | D:3      | Reached XP level 5. HP: 46/47 MP: 4/4
  1895 | D:3      | Noticed Jessica
  1896 | D:3      | Noticed Ijyb
  1938 | D:3      | Killed Ijyb
  1939 | D:3      | Killed Jessica
  1939 | D:3      | Reached skill level 6 in Shields
  1951 | D:3      | Reached XP level 6. HP: 30/53 MP: 5/5
  2325 | D:4      | Noticed an ice beast
  2407 | D:4      | Killed an ice beast
  2407 | D:4      | Reached skill level 5 in Armour
  2537 | D:4      | Reached skill level 5 in Fighting
  2654 | D:4      | Got a fine ring mail
  2665 | D:4      | Identified the +0 ring mail of the Hall of Blades {rPois rC- rN+++ MR-} (You found it on level 4 of the Dungeon)
  2895 | D:5      | Entered Level 5 of the Dungeon
  3102 | D:5      | Reached skill level 7 in Shields
  3102 | D:5      | Reached XP level 7. HP: 44/61 MP: 6/6
  3119 | D:5      | Noticed Duvessa
  3126 | D:5      | Noticed Dowan
  3129 | D:5      | Killed Duvessa
  3144 | D:5      | Killed Dowan
  3459 | D:5      | Reached skill level 5 in Long Blades
  3459 | D:5      | Reached XP level 8. HP: 45/69 MP: 7/7
  3475 | D:5      | Noticed Prince Ribbit
  3492 | D:5      | Killed Prince Ribbit
  3492 | D:5      | Reached skill level 8 in Shields
  3588 | D:5      | Noticed Edmund
  3611 | D:5      | Killed Edmund
  3818 | D:6      | Found a shimmering altar of Xom.
  3922 | D:6      | Found a glowing drain.
  3954 | Sewer    | Entered a sewer
  4100 | D:6      | Reached skill level 9 in Shields
  4197 | D:6      | Found a deep blue altar of Sif Muna.
  4401 | D:6      | Found a staircase to the Ecumenical Temple.
  4472 | Temple   | Entered the Ecumenical Temple
  4624 | Temple   | Became a worshipper of Warmaster Okawaru
  4720 | D:7      | Found Ujeck's Antique Armour Emporium.
  4745 | D:7      | Reached XP level 9. HP: 78/78 MP: 8/8
  4766 | D:7      | Found Soqijaus's Book Boutique.
  4814 | D:7      | Found Etiamilo's Antique Weapon Shop.
  4859 | D:7      | Reached * piety under Okawaru
  5147 | D:7      | Found an opulent altar of Gozag.
  5148 | D:7      | Found a basalt altar of Yredelemnul.
  5173 | D:7      | Reached skill level 10 in Shields
  5341 | D:7      | Found Maeky's Food Boutique.
  5460 | D:7      | Found a bloodstained altar of Trog.
  5552 | D:8      | Reached ** piety under Okawaru
  5642 | D:8      | Noticed Psyche
  5765 | D:7      | Found a burning altar of Makhleb.
  5862 | D:8      | Found Akuheg's Antique Weapon Shop.
  5907 | D:8      | Found a staircase to the Lair.
  5908 | D:8      | Noticed a komodo dragon
  6052 | D:8      | Cast into level 1 of the Abyss (Psyche)
  6127 | Abyss:1  | Noticed a red devil
  6140 | Abyss:1  | Found a corrupted altar of Lugonu.
  6167 | Abyss:1  | Noticed a rust devil
  6180 | Abyss:1  | Noticed a thrashing horror
  6198 | Abyss:1  | Noticed a tentacled starspawn
  6232 | Abyss:1  | Killed a tentacled starspawn
  6232 | Abyss:1  | Reached skill level 11 in Shields
  6232 | Abyss:1  | Reached XP level 10. HP: 85/88 MP: 6/9
  6234 | D:8      | Escaped the Abyss
  6392 | D:8      | Killed Psyche
  6530 | D:8      | Found a blossoming altar of Fedhas.
  6531 | D:8      | Found a radiant altar of Vehumet.
  6590 | D:8      | Noticed a cyan ugly thing
  6602 | D:8      | Killed a cyan ugly thing
  6602 | D:8      | Reached *** piety under Okawaru
  6819 | D:8      | Reached skill level 10 in Long Blades
  6819 | D:8      | Reached skill level 10 in Armour
  7113 | D:9      | Noticed Thael's ghost (novice MiBe)
  7147 | D:9      | Killed Thael's ghost
  7442 | D:9      | Reached XP level 11. HP: 76/95 MP: 10/10
  7453 | D:9      | Found a glowing golden altar of the Shining One.
  7517 | D:9      | Reached skill level 12 in Shields
  7524 | D:9      | Reached **** piety under Okawaru
  7636 | D:9      | Noticed a wizard
  7638 | D:9      | Killed from afar by a wizard

Skill      XL: |  1  2  3  4  5  6  7  8  9 10 11 |
---------------+----------------------------------+-----
Shields        | 4 5 6 7 9 11 12 | 12.1
Fighting       | 4 5 6 8 |  8.9
Dodging        | 1 2 3 |  3.8
Armour         | 4 5 6 7 9 10 | 10.6
Long Blades    | 3 4 5 6 9 10 | 10.5
Stealth        | |  0.5
Invocations    | |  0.4

Action                   |  1- 3 |  4- 6 |  7- 9 | 10-12 || total
-------------------------+-------+-------+-------+-------++-------
Melee: Long sword        |    93 |   185 |   414 |   194 ||   886
       Headbutt          |    14 |    32 |   103 |    55 ||   204
Invok: Heroism           |       |       |       |     3 ||     3
Evoke: Wand              |       |       |       |     2 ||     2
  Use: Scroll            |       |     5 |     8 |     2 ||    15
       Potion            |       |       |     1 |     4 ||     5
  Eat: Chunk             |     1 |     6 |    11 |     8 ||    26
       Fruit             |       |       |     1 |     1 ||     2
       Beef jerky        |       |       |     1 |       ||     1
Armor: Scale mail        |    17 |       |       |       ||    17
       Chain mail        |    32 |    88 |       |       ||   120
       Plate armour      |       |    15 |   231 |    69 ||   315
Dodge: Dodged            |    36 |    37 |    99 |    55 ||   227
Block: Shield            |    75 |   102 |   285 |   113 ||   575
